TOP OF THE 1ST |
Crescent City Krewe batting - Pitching for Olympia Ogres : LHP Korbin Dallas
|
Pitching: LHP Korbin Dallas
|
|
Batting: SHB David Knight
|
0-0: Ball 1-0: Called Strike 1-1: Ball 2-1: Ball 3-1: Called Strike 3-2: Foul Ball, location: 2F 3-2: Foul Ball, location: 2F 3-2: Base on Balls
|
Batting: RHB Juan David Fernán
|
0-0: Ball 1-0: Ball 2-0: Ball 3-0: Called Strike 3-1: Base on Balls David Knight to second
|
Batting: RHB Norbert Schalk
|
0-0: Fly out, F2 (Popup, 3SF, EV 76.9 MPH)
|
Batting: RHB Jermaine Vassell
|
0-0: Called Strike 0-1: Called Strike 0-2: Ball 1-2: Ball 2-2: Strikes out swinging
|
Batting: RHB Anthony Roosemont
|
0-0: Foul Ball, location: 2F 0-1: Swinging Strike 0-2: Ball 1-2: Ground out U3 (Groundball, 3L, EV 105.6 MPH)
|
Top of the 1st over - 0 runs, 0 hits, 0 errors, 2 left on base; Crescent City 0 - Olympia 0 |
BOTTOM OF THE 1ST |
Olympia Ogres batting - Pitching for Crescent City Krewe : RHP Wan-fu Quan
|
Pitching: RHP Wan-fu Quan
|
|
Batting: LHB Jeffery Smith
|
0-0: Foul Ball, location: 2F 0-1: Called Strike 0-2: Fly out, F7 (Flyball, 7LSF, EV 75.0 MPH)
|
Batting: LHB Jorge Mejía
|
0-0: Ball 1-0: Called Strike 1-1: Ball 2-1: Ground out 4-3 (Groundball, 4, EV 83.1 MPH)
|
Batting: SHB Dave Richards
|
0-0: Called Strike 0-1: Called Strike 0-2: Ball 1-2: Foul Ball, location: 2F 1-2: Ball 2-2: Fly out, F7 (Line Drive, 7, EV 89.4 MPH)
|
Bottom of the 1st over - 0 runs, 0 hits, 0 errors, 0 left on base; Crescent City 0 - Olympia 0 |
TOP OF THE 2ND |
Crescent City Krewe batting - Pitching for Olympia Ogres : LHP Korbin Dallas
|
Batting: RHB José Bermúdez
|
0-0: Fly out, F9 (Flyball, 89D, EV 99.4 MPH)
|
Batting: LHB Dustin Damitz
|
0-0: Ground out 4-3 (Groundball, 34, EV 104.4 MPH)
|
Batting: RHB Aroosha Zafar
|
0-0: Ball 1-0: Ball 2-0: Foul Ball, location: 2F 2-1: Ground out 6-3 (Groundball, 6, EV 83.1 MPH)
|
Top of the 2nd over - 0 runs, 0 hits, 0 errors, 0 left on base; Crescent City 0 - Olympia 0 |
BOTTOM OF THE 2ND |
Olympia Ogres batting - Pitching for Crescent City Krewe : RHP Wan-fu Quan
|
Batting: LHB Sariyah Fateen
|
0-0: Foul Ball, location: 2F 0-1: Ball 1-1: Fly out, F7 (Line Drive, 7D, EV 90.0 MPH)
|
Batting: LHB Aniq bin Mu'ayyad
|
0-0: SINGLE (Groundball, 34D, EV 95.6 MPH)
|
Batting: SHB Nathan Brannon
|
0-0: Ball 1-0: Grounds into double play, 4-6-3 (Groundball, 4M, EV 100.6 MPH)
|
Bottom of the 2nd over - 0 runs, 1 hit, 0 errors, 0 left on base; Crescent City 0 - Olympia 0 |
TOP OF THE 3RD |
Crescent City Krewe batting - Pitching for Olympia Ogres : LHP Korbin Dallas
|
Batting: RHB Aaron Powell
|
0-0: Ball 1-0: Foul Ball, location: 2F 1-1: Ball 2-1: Ball 3-1: Called Strike 3-2: Foul Ball, location: 2F 3-2: Strikes out swinging
|
Batting: SHB David Knight
|
0-0: Called Strike 0-1: Ball 1-1: Foul Ball, location: 2F 1-2: Strikes out swinging
|
Batting: RHB Juan David Fernán
|
0-0: Ball 1-0: Ball 2-0: Ball 3-0: Swinging Strike 3-1: Foul Ball, location: 2F 3-2: Strikes out swinging
|
Top of the 3rd over - 0 runs, 0 hits, 0 errors, 0 left on base; Crescent City 0 - Olympia 0 |
BOTTOM OF THE 3RD |
Olympia Ogres batting - Pitching for Crescent City Krewe : RHP Wan-fu Quan
|
Batting: LHB Boboy Enabore
|
0-0: Ball 1-0: Swinging Strike 1-1: Ball 2-1: Foul Ball, location: 2F 2-2: SINGLE (Groundball, 56D, EV 103.1 MPH)
|
Batting: RHB Alfonso Pereyra
|
0-0: Ball 1-0: Ball 2-0: Called Strike 2-1: Foul Ball, location: 2F 2-2: Ball 3-2: SINGLE (Line Drive, 5D, EV 93.8 MPH) Boboy Enabore to second Boboy Enabore to third
|
Batting: LHB Earnest Younger
|
0-0: Swinging Strike 0-1: Ball 1-1: Foul Ball, location: 2F 1-2: Ball 2-2: SINGLE (Groundball, 34D, EV 101.2 MPH) Boboy Enabore scores Alfonso Pereyra to second Runner from 2nd tries for 3rd, SAFE, throw by RF made to third
|
Batting: LHB Jeffery Smith
|
0-0: Ball 1-0: Foul Ball, location: 2F 1-1: Ball 2-1: SINGLE (Line Drive, 4D, EV 104.4 MPH) Alfonso Pereyra scores Earnest Younger to second
|
Batting: LHB Jorge Mejía
|
0-0: Called Strike 0-1: SINGLE (Line Drive, 56D, EV 96.2 MPH) Earnest Younger to third Jeffery Smith to second
|
Batting: SHB Dave Richards
|
0-0: Grounds into fielders choice 1-2 (Groundball, 34S, EV 86.9 MPH) Jeffery Smith to third Jorge Mejía to second
|
Batting: LHB Sariyah Fateen
|
0-0: Foul Ball, location: 2F 0-1: Fly out, F8 (Flyball, 8LD, EV 101.2 MPH) Runner from 3rd tags up, SCORES, throw by CF Jorge Mejía to third
|
Batting: LHB Aniq bin Mu'ayyad
|
0-0: Swinging Strike 0-1: SINGLE (Groundball, 6D, EV 96.9 MPH) Jorge Mejía scores Dave Richards to second
|
Batting: SHB Nathan Brannon
|
0-0: Fly out, F8 (Line Drive, 8RM, EV 84.4 MPH)
|
Bottom of the 3rd over - 4 runs, 6 hits, 0 errors, 2 left on base; Crescent City 0 - Olympia 4 |
TOP OF THE 4TH |
Crescent City Krewe batting - Pitching for Olympia Ogres : LHP Korbin Dallas
|
Batting: RHB Norbert Schalk
|
0-0: SINGLE (Line Drive, 8RS, EV 106.2 MPH)
|
Batting: RHB Jermaine Vassell
|
0-0: Ball 1-0: Ball 2-0: Ball 3-0: Foul Ball, location: 2F 3-1: SINGLE (Flyball, 78S, EV 95.0 MPH) Norbert Schalk to second
|
Batting: RHB Anthony Roosemont
|
0-0: Reached on error, E3 (Groundball, 3, EV 103.1 MPH) Norbert Schalk to third Jermaine Vassell to second
|
Batting: RHB José Bermúdez
|
0-0: Ball 1-0: Ball 2-0: Foul Ball, location: 2F 2-1: Ball 3-1: Base on Balls Norbert Schalk scores Jermaine Vassell to third Anthony Roosemont to second
|
Batting: LHB Dustin Damitz
|
0-0: Ball 1-0: Ball 2-0: Called Strike 2-1: Ball 3-1: Base on Balls Jermaine Vassell scores Anthony Roosemont to third José Bermúdez to second
|
Batting: RHB Aroosha Zafar
|
0-0: SINGLE (Groundball, 6MD, EV 105.6 MPH) Anthony Roosemont scores José Bermúdez to third Dustin Damitz to second
|
Batting: RHB Aaron Powell
|
0-0: Fly out, F2 (Popup, 5SF, EV 91.2 MPH)
|
Batting: SHB David Knight
|
0-0: Swinging Strike 0-1: Ball 1-1: Foul Ball, location: 2F 1-2: Strikes out swinging
|
Batting: RHB Juan David Fernán
|
0-0: Called Strike 0-1: Ball 1-1: SINGLE (Groundball, 6MD, EV 101.2 MPH) José Bermúdez scores Dustin Damitz to third Aroosha Zafar to second Runner from 3rd tries for Home, SAFE, no throw by CF
|
Batting: RHB Norbert Schalk
|
0-0: Ball 1-0: Called Strike 1-1: Foul Ball, location: 2F 1-2: Ball 2-2: Strikes out swinging
|
Top of the 4th over - 5 runs, 4 hits, 1 error, 2 left on base; Crescent City 5 - Olympia 4 |
BOTTOM OF THE 4TH |
Olympia Ogres batting - Pitching for Crescent City Krewe : RHP Wan-fu Quan
|
Batting: LHB Boboy Enabore
|
0-0: Fly out, F7 (Flyball, 78D, EV 88.8 MPH)
|
Batting: RHB Alfonso Pereyra
|
0-0: Ball 1-0: Ground out U3 (Groundball, 34, EV 105.0 MPH)
|
Batting: LHB Earnest Younger
|
0-0: Ground out 1-3 (Groundball, 34S, EV 67.5 MPH)
|
Bottom of the 4th over - 0 runs, 0 hits, 0 errors, 0 left on base; Crescent City 5 - Olympia 4 |
TOP OF THE 5TH |
Crescent City Krewe batting - Pitching for Olympia Ogres : LHP Korbin Dallas
|
Batting: RHB Jermaine Vassell
|
0-0: Ball 1-0: Ball 2-0: Fly out, F8 (Flyball, 89S, EV 83.1 MPH)
|
Batting: RHB Anthony Roosemont
|
0-0: Ball 1-0: Ground out 6-3 (Groundball, 6, EV 96.9 MPH)
|
Batting: RHB José Bermúdez
|
0-0: Called Strike 0-1: Called Strike 0-2: Ball 1-2: Ground out 5-3 (Groundball, 56, EV 102.5 MPH)
|
Top of the 5th over - 0 runs, 0 hits, 0 errors, 0 left on base; Crescent City 5 - Olympia 4 |
BOTTOM OF THE 5TH |
Olympia Ogres batting - Pitching for Crescent City Krewe : RHP Wan-fu Quan
|
Batting: LHB Jeffery Smith
|
0-0: Swinging Strike 0-1: Foul Ball, location: 2F 0-2: Strikes out swinging
|
Batting: LHB Jorge Mejía
|
0-0: Called Strike 0-1: Ground out U3 (Groundball, 34, EV 102.5 MPH)
|
Batting: SHB Dave Richards
|
0-0: Fly out, F8 (Flyball, 8RS, EV 96.2 MPH)
|
Bottom of the 5th over - 0 runs, 0 hits, 0 errors, 0 left on base; Crescent City 5 - Olympia 4 |
TOP OF THE 6TH |
Crescent City Krewe batting - Pitching for Olympia Ogres : LHP Korbin Dallas
|
Pitching: RHP Jesús Nasario
|
|
Batting: LHB Dustin Damitz
|
0-0: Ball 1-0: SINGLE (Flyball, 7LS, EV 90.6 MPH)
|
Batting: RHB Aroosha Zafar
|
0-0: Ball 1-0: Foul Ball, location: 2F 1-1: Foul Ball, location: 2F 1-2: Ball 2-2: DOUBLE (Line Drive, 9LS, EV 106.2 MPH) Dustin Damitz to third Runner from 3rd tries for Home, SAFE, no throw by RF
|
Batting: RHB Aaron Powell
|
0-0: Ball 1-0: Bunted foul 1-1: Sac Bunt to 13 - play at first, batter OUT! 1-4 Aroosha Zafar to third
|
Batting: SHB David Knight
|
0-0: Called Strike 0-1: Called Strike 0-2: Foul Ball, location: 2F 0-2: Ball 1-2: Strikes out looking
|
Batting: RHB Juan David Fernán
|
0-0: Ground out 5-3 (Groundball, 56, EV 82.5 MPH)
|
Top of the 6th over - 1 run, 2 hits, 0 errors, 1 left on base; Crescent City 6 - Olympia 4 |
BOTTOM OF THE 6TH |
Olympia Ogres batting - Pitching for Crescent City Krewe : RHP Wan-fu Quan
|
Batting: LHB Sariyah Fateen
|
0-0: Ball 1-0: Called Strike 1-1: SINGLE (Line Drive, 6MD, EV 97.5 MPH)
|
Batting: LHB Aniq bin Mu'ayyad
|
0-0: Fly out, F8 (Flyball, 8LS, EV 90.6 MPH)
|
Batting: SHB Nathan Brannon
|
0-0: Called Strike 0-1: Fielders Choice at 2nd, 3-6 (Groundball, 34, EV 84.4 MPH)
|
Batting: LHB Boboy Enabore
|
0-0: Ball 1-0: Ball 2-0: Fly out, F7 (Flyball, 7S, EV 95.0 MPH)
|
Bottom of the 6th over - 0 runs, 1 hit, 0 errors, 1 left on base; Crescent City 6 - Olympia 4 |
TOP OF THE 7TH |
Crescent City Krewe batting - Pitching for Olympia Ogres : RHP Jesús Nasario
|
Batting: RHB Norbert Schalk
|
0-0: Ball 1-0: Called Strike 1-1: TRIPLE (Groundball, 5L, EV 95.0 MPH)
|
Batting: RHB Jermaine Vassell
|
0-0: Called Strike 0-1: Foul Ball, location: 2F 0-2: Fly out, F9 (Flyball, 9S, EV 85.0 MPH)
|
Batting: RHB Anthony Roosemont
|
0-0: Ball 1-0: SINGLE (Groundball, 4MD, EV 95.0 MPH) Norbert Schalk scores
|
Batting: RHB José Bermúdez
|
0-0: Ball Wild Pitch! Anthony Roosemont to second 1-0: Called Strike 1-1: Ball 2-1: Fly out, F9 (Flyball, 9LSF, EV 89.4 MPH)
|
Batting: LHB Dustin Damitz
|
0-0: Ball 1-0: Ball 2-0: Ground out 4-3 (Groundball, 4S, EV 85.0 MPH)
|
Top of the 7th over - 1 run, 2 hits, 0 errors, 1 left on base; Crescent City 7 - Olympia 4 |
BOTTOM OF THE 7TH |
Olympia Ogres batting - Pitching for Crescent City Krewe : RHP Wan-fu Quan
|
Batting: RHB Alfonso Pereyra
|
0-0: Ground out 1-3 (Groundball, 13S, EV 61.2 MPH)
|
Batting: LHB Earnest Younger
|
0-0: DOUBLE (Flyball, 8LD, EV 92.5 MPH)
|
Batting: LHB Jeffery Smith
|
0-0: Called Strike 0-1: Ball 1-1: Ball 2-1: Foul Ball, location: 2F 2-2: Ball 3-2: Strikes out swinging
|
Batting: LHB Jorge Mejía
|
0-0: Ball 1-0: Foul Ball, location: 2F 1-1: SINGLE (Line Drive, 89S, EV 111.2 MPH) Earnest Younger to third
|
Batting: SHB Dave Richards
|
0-0: Ball 1-0: Called Strike 1-1: Called Strike 1-2: Foul Ball, location: 2F 1-2: Ball 2-2: Ground out 4-3 (Groundball, 4D, EV 97.5 MPH)
|
Bottom of the 7th over - 0 runs, 2 hits, 0 errors, 2 left on base; Crescent City 7 - Olympia 4 |
TOP OF THE 8TH |
Crescent City Krewe batting - Pitching for Olympia Ogres : RHP Jesús Nasario
|
Batting: RHB Aroosha Zafar
|
0-0: Ball 1-0: Fly out, F7 (Flyball, 78M, EV 71.9 MPH)
|
Batting: RHB Aaron Powell
|
0-0: Called Strike 0-1: Ball 1-1: Called Strike 1-2: Foul Ball, location: 2F 1-2: Strikes out looking
|
Batting: SHB David Knight
|
0-0: Swinging Strike 0-1: Fly out, F5 (Popup, 5S, EV 67.5 MPH)
|
Top of the 8th over - 0 runs, 0 hits, 0 errors, 0 left on base; Crescent City 7 - Olympia 4 |
BOTTOM OF THE 8TH |
Olympia Ogres batting - Pitching for Crescent City Krewe : RHP Wan-fu Quan
|
Batting: LHB Sariyah Fateen
|
0-0: Ball 1-0: Foul Ball, location: 2F 1-1: SINGLE (Line Drive, 89S, EV 105.6 MPH)
|
Batting: LHB Aniq bin Mu'ayyad
|
0-0: Ball 1-0: Foul Ball, location: 2F 1-1: SINGLE (Flyball, 78M, EV 90.6 MPH) Sariyah Fateen to second
|
Batting: SHB Nathan Brannon
|
0-0: Ball 1-0: Called Strike 1-1: Swinging Strike 1-2: Ball 2-2: DOUBLE (Line Drive, 7LM, EV 107.5 MPH) Sariyah Fateen scores Aniq bin Mu'ayyad to third
|
Pitching: RHP Pat Martin
|
|
Batting: LHB Boboy Enabore
|
0-0: Foul Ball, location: 2F 0-1: Ground out 4-3 (Groundball, 4, EV 108.8 MPH) Aniq bin Mu'ayyad scores Nathan Brannon to third
|
Pinch Hitting: LHB Dave Vansant
|
0-0: Called Strike 0-1: Ball 1-1: Called Strike 1-2: Foul Ball, location: 2F 1-2: Foul Ball, location: 2F 1-2: Strikes out swinging
|
Batting: LHB Earnest Younger
|
0-0: Ground out 4-3 (Groundball, 4M, EV 85.6 MPH)
|
Bottom of the 8th over - 2 runs, 3 hits, 0 errors, 1 left on base; Crescent City 7 - Olympia 6 |
TOP OF THE 9TH |
Crescent City Krewe batting - Pitching for Olympia Ogres : RHP Jesús Nasario
|
Pitching: RHP Mitsuoki Gato
|
|
Now at SS: Claudio Vargas
|
|
Batting: RHB Juan David Fernán
|
0-0: Ball 1-0: Ball 2-0: Ground out 6-3 (Groundball, 6, EV 100.6 MPH)
|
Batting: RHB Norbert Schalk
|
0-0: Called Strike 0-1: Swinging Strike 0-2: Strikes out swinging
|
Batting: RHB Jermaine Vassell
|
0-0: Ball 1-0: Ball 2-0: Called Strike 2-1: Foul Ball, location: 2F 2-2: Strikes out swinging
|
Top of the 9th over - 0 runs, 0 hits, 0 errors, 0 left on base; Crescent City 7 - Olympia 6 |
BOTTOM OF THE 9TH |
Olympia Ogres batting - Pitching for Crescent City Krewe : RHP Pat Martin
|
Batting: LHB Jeffery Smith
|
0-0: Foul Ball, location: 2F 0-1: Foul Ball, location: 2F 0-2: Strikes out swinging
|
Batting: LHB Jorge Mejía
|
0-0: Foul Ball, location: 2F 0-1: Called Strike 0-2: Ball 1-2: SINGLE (Line Drive, 7S, EV 106.9 MPH)
|
Batting: SHB Dave Richards
|
0-0: Ball 1-0: Foul Ball, location: 2F 1-1: Ball 2-1: Foul Ball, location: 2F 2-2: Foul Ball, location: 2F 2-2: Ball 3-2: Fielders Choice at 2nd, 4-6 (Groundball, 4, EV 85.6 MPH)
|
Batting: LHB Sariyah Fateen
|
0-0: Ball 1-0: Ball 2-0: Ball 3-0: Called Strike 3-1: Foul Ball, location: 2F 3-2: Ground out 4-3 (Groundball, 34, EV 84.4 MPH)
|
Bottom of the 9th over - 0 runs, 1 hit, 0 errors, 1 left on base; Crescent City 7 - Olympia 6 |
|